 Dungeon Crawl Stone Soup version 0.23.2 (webtiles) character file.

Game seed: 1955007547424683581

3267 VAZYLA the Protected (level 10, -5/61 HPs)
             Began as a Gargoyle Fighter on Apr 9, 2019.
             Was a Priest of Makhleb.
             Slain by a two-headed ogre
             ... wielding a +0 giant spiked club
              (15 damage)
             ... on level 9 of the Dungeon.
             The game lasted 00:23:10 (6385 turns).

VAZYLA the Protected (Gargoyle Fighter)             Turns: 6385, Time: 00:23:11

Health: -5/61      AC: 18    Str: 21    XL:     10   Next: 0%
Magic:  15/15      EV: 13    Int: 11    God:    Makhleb [***...]
Gold:   448        SH:  0    Dex:  5    Spells: 9/9 levels left

rFire    . . .     SeeInvis .   a - +4 dire flail (drain)
rCold    . . .     Gourm    .   (shield currently unavailable)
rNeg     + . .     Faith    .   J - +1 ring mail {MR+}
rPois    ∞         Spirit   .   w - +0 helmet
rElec    +         Reflect  .   M - +1 cloak {rPois}
rCorr    .         Harm     .   (no gloves)
MR       +....                  (no boots)
Stlth    ..........             (no amulet)
HPRegen  0.20/turn              q - +3 ring of evasion
MPRegen  0.14/turn              I - ring of Qoehibag {Wiz rPois Dex-4 Slay+2}

@: very slightly contaminated
A: negative energy resistance 1, electricity resistance, unbreathing,
petrification resistance, rot immunity, AC +7
a: Minor Destruction, Lesser Servant of Makhleb, Renounce Religion


You were on level 9 of the Dungeon.
You worshipped Makhleb.
Makhleb was most pleased with you.
You were not hungry.

You visited 1 branch of the dungeon, and saw 9 of its levels.

You collected 448 gold pieces.

Inventory:

Hand Weapons
 a - a +4 dire flail of draining (weapon)
 i - a +0 trident
 u - a +0 flail
 v - a +1 hunting sling of freezing
Missiles
 h - 151 stones (quivered)
Armour
 b - a +0 scale mail
 c - a +0 shield
 o - a +0 cloak
 w - a +0 helmet (worn)
 B - a +0 ring mail
 J - a +1 ring mail of magic resistance (worn)
 M - a +1 cloak of poison resistance (worn)
 N - a scarf of repulsion
Jewellery
 e - an uncursed ring of stealth
 q - a +3 ring of evasion (left hand)
 r - an uncursed ring of ice
 s - an uncursed ring of fire
 A - an uncursed amulet of harm
 I - the ring of Qoehibag (right hand) {Wiz rPois Dex-4 Slay+2}
   (You found it on level 6 of the Dungeon)

   [ring of wizardry]

   It improves your spell success rate.
   It affects your dexterity (-4).
   It affects your accuracy and damage with ranged weapons and melee attacks
   (+2).
   It protects you from poison.
Wands
 E - a wand of polymorph (7)
 K - a wand of disintegration (12)
 L - a wand of random effects (20)
Scrolls
 g - 5 scrolls of remove curse
 n - 2 scrolls of amnesia
 t - 3 scrolls of identify
 x - 2 scrolls of blinking
 y - 4 scrolls of teleportation
 G - 2 scrolls of fear
Potions
 d - 4 potions of might
 j - a potion of heal wounds {unknown}
 k - a potion of haste {unknown}
 l - a potion of cancellation {unknown}
 m - 3 potions of flight
 p - 3 potions of curing
 z - a potion of mutation {unknown}
 D - 3 potions of agility
 F - a potion of brilliance
Comestibles
 f - 21 rations


   Skills:
 + Level 6.6 Fighting
 * Level 7.6 Maces & Flails
 * Level 8.7 Armour
 - Level 4.2 Shields
 * Level 7.4 Invocations


You had 9 spell levels left.
You didn't know any spells.
Your spell library was empty.

Dungeon Overview and Level Annotations

Branches:
Dungeon (9/15)             Temple (0/1) D:7
   Lair: D:8-11         Orc: D:9-12

Altars:
Cheibriados
Dithmenos
Fedhas
Gozag
Makhleb
Nemelex Xobeh
Yredelemnul
The Shining One

Shops:
D:5 :

Annotations:
D:5 2 transporters, esteth's ghost, novice GnWn
D:8 1 runed translucent door


Innate Abilities, Weirdness & Mutations

You are resistant to torment.
Your stone body is resilient. (AC +7)
You are immune to poison.
You resist negative energy. (rN+)
You are resistant to electric shocks. (rElec)
You can survive without breathing.
You are immune to petrification.
You are immune to rotting.


Message History

You kill the orc!
Makhleb accepts your kill.
No target in view!
Found a potion of curing.
Things that are here:
a +1 hand axe of freezing; a +0 leather armour; an orc corpse
p - 3 potions of curing (gained 1)
A two-headed ogre comes into view.
It is wielding two +0 giant spiked clubs.
The two-headed ogre shouts in stereo!
Found a robe.
A troll comes into view.
The troll shouts!
The two-headed ogre hits you with a +0 giant spiked club!!
The two-headed ogre barely misses you.
You puncture the two-headed ogre!
The two-headed ogre is moderately wounded.
The two-headed ogre hits you with a +0 giant spiked club!!
* * * LOW HITPOINT WARNING * * *
The two-headed ogre hits you with a +0 giant spiked club!
You die...

#.. ###########
.... #..@O[.T...
....
#.##############..#
#...#.............#
###.#.#...........#
#.#.#.#.........#
#.#.#.#.........#
#.)...#.####....#
###.###.........#
#.#........#†.#


You could see a two-headed ogre and a troll.

Vanquished Creatures
  Prince Ribbit (D:7)
  A hippogriff (D:9)
  A spriggan (D:8)
  A wyvern (D:9)
  Edmund (D:4)
  A black bear (D:6)
  A sky beast (D:5)
  Purgy (D:4)
  2 phantoms
  2 ogres
  2 centaurs
  A big kobold (D:5)
  4 bullfrogs
  A gnoll sergeant (D:9)
  4 scorpions
  2 howler monkeys
  2 electric eels (D:7)
  A crimson imp (D:6)
  2 centaur zombies (D:5)
  A centaur skeleton (D:4)
  3 hounds
  A human zombie (D:8)
  A bullfrog zombie (D:7)
  An orc priest (D:4)
  A bullfrog skeleton (D:7)
  2 orc wizards
  2 iguanas
  A gnoll shaman (D:6)
  4 worker ants
  2 hound zombies
  9 gnolls
  11 adders
  A howler monkey skeleton (D:4)
  3 oozes
  2 adder zombies
  2 worms
  3 dart slugs
  8 leopard geckos
  23 orcs
  3 giant cockroaches
  8 goblins
  9 hobgoblins
  9 jackals
  4 quokkas
  6 ball pythons
  6 bats
  7 frilled lizards
  13 kobolds
  A quokka zombie (D:7)
  5 rats
183 creatures vanquished.

Notes
Turn   | Place    | Note
-------+----------+-------------------------------------------
     0 | D:1      | VAZYLA the Gargoyle Fighter began the quest for the Orb.
     0 | D:1      | Reached XP level 1. HP: 14/14 MP: 1/1
    34 | D:1      | Reached XP level 2. HP: 19/19 MP: 2/2
   144 | D:1      | Reached XP level 3. HP: 23/23 MP: 3/3
   933 | D:2      | Reached skill level 4 in Armour
   940 | D:2      | Reached XP level 4. HP: 21/29 MP: 4/4
  1313 | D:2      | Found a shadowy altar of Dithmenos.
  1367 | D:2      | Found a burning altar of Makhleb.
  1371 | D:2      | Became a worshipper of Makhleb the Destroyer
  1375 | D:2      | Found a glowing golden altar of the Shining One.
  1378 | D:2      | Found a blossoming altar of Fedhas.
  1884 | D:3      | Reached XP level 5. HP: 25/33 MP: 5/5
  2139 | D:3      | Reached skill level 1 in Invocations
  2161 | D:3      | Reached * piety under Makhleb
  2620 | D:4      | Noticed Edmund
  2642 | D:4      | Killed Edmund
  2642 | D:4      | Reached skill level 5 in Armour
  2642 | D:4      | Reached XP level 6. HP: 11/38 MP: 5/7
  2984 | D:4      | Reached XP level 7. HP: 42/44 MP: 8/8
  3257 | D:4      | Noticed Purgy
  3260 | D:4      | Killed Purgy
  3391 | D:4      | Found a sparkling altar of Nemelex Xobeh.
  3392 | D:4      | Found an opulent altar of Gozag.
  3423 | D:5      | Entered Level 5 of the Dungeon
  3618 | D:5      | Reached skill level 6 in Armour
  3637 | D:5      | Reached ** piety under Makhleb
  3637 | D:5      | Reached skill level 5 in Maces & Flails
  3637 | D:5      | Reached XP level 8. HP: 39/48 MP: 9/11
  3647 | D:5      | Reached skill level 5 in Fighting
  3791 | D:5      | Noticed esteth's ghost (novice GnWn)
  3868 | D:5      | Found a transporter.
  3872 | D:5      | Found a transporter.
  4028 | D:5      | Found Biogu's Book Shop.
  4089 | D:6      | Reached skill level 5 in Invocations
  4098 | D:6      | Found a snail-covered altar of Cheibriados.
  4195 | D:6      | Got a faintly glowing ivory ring
  4323 | D:6      | Reached skill level 7 in Armour
  4560 | D:6      | Reached XP level 9. HP: 53/55 MP: 13/13
  4890 | D:7      | Found a staircase to the Ecumenical Temple.
  4982 | D:7      | Noticed Prince Ribbit
  4995 | D:7      | Killed Prince Ribbit
  5520 | D:8      | Reached *** piety under Makhleb
  5712 | D:8      | Reached skill level 8 in Armour
  5718 | D:8      | Found a runed translucent door.
  5723 | D:8      | Found a basalt altar of Yredelemnul.
  6321 | D:9      | Identified the ring of Qoehibag {Wiz rPois Dex-4 Slay+2}
                  | (You found it on level 6 of the Dungeon)
  6356 | D:9      | Reached XP level 10. HP: 61/61 MP: 15/15
  6382 | D:9      | Noticed a two-headed ogre
  6385 | D:9      | Slain by a two-headed ogre

Skill      XL: |  1  2  3  4  5  6  7  8  9 |
---------------+----------------------------+-----
Armour         | 4 5 6 7 8 |  8.7
Maces & Flails | 3 4 5 6 7 |  7.6
Invocations    | 2 4 5 7 |  7.4
Shields        | 4 |  4.2
Fighting       | 4 5 6 |  6.6

Action                   |  1- 3 |  4- 6 |  7- 9 | 10-12 || total
-------------------------+-------+-------+-------+-------++-------
Melee: Flail             |   103 |   284 |       |       ||   387
       Dire flail        |       |    30 |   347 |     3 ||   380
Throw: Stone             |       |     4 |    16 |       ||    20
  Use: Scroll            |       |     7 |     7 |       ||    14
       Potion            |       |     2 |     3 |       ||     5
 Stab: Invisible         |       |       |     2 |       ||     2
  Eat: Chunk             |       |     5 |    10 |     1 ||    16
       Ration            |       |     1 |       |       ||     1
Armor: Scale mail        |    63 |   245 |   127 |       ||   435
       Ring mail         |       |       |    67 |     1 ||    68
Dodge: Dodged            |    55 |   165 |   225 |     1 ||   446
Block: Shield            |    59 |   211 |       |       ||   270
